Map: Deathaura LE

Players

LiquidMaNa (MaNa) - Winner!

  • Race: Protoss Protoss
  • League: Master
  • Spawn Location: 11:00

Dear

  • Race: Protoss Protoss
  • Spawn Location: 5:00

Event: War Chest Team League

VOD

Have the link to the VOD?

Description

Time

  • Played on: July 31, 2020, 5:47 a.m.
  • Length: 13:39
Show
View Real Time Build Order
Export as new Build Order

LiquidMaNa Protoss - Winner!

Build Orders: Oracle Opening, Archon Immortal 

Get SALT Encoding   

  12  0:00  Probe  
  13  0:12  Probe  
  14  0:19  Pylon  
  14  0:24  Probe  
  15  0:38  Gateway, Probe (Chrono Boost)  
  16  0:44  Assimilator  
  16  0:46  Probe (Chrono Boost)  
  17  0:52  Probe (Chrono Boost)  
  17  0:55  Assimilator  
  18  1:04  Probe (Chrono Boost)  
  18  1:07  Gateway  
  19  1:13  Probe (Chrono Boost)  
  20  1:18  Probe  
  21  1:26  Cybernetics Core  
  21  1:30  Probe  
  22  1:34  Pylon  
  22  1:42  Probe  
  23  1:55  Probe  
  24  2:02  Adept x2, Warp Gate  
  24  2:07  Probe  
  29  2:10  Pylon  
  29  2:25  Probe  
  30  2:32  Stargate  
  30  2:35  Adept x2  
  34  2:37  Probe  
  35  2:51  Pylon  
  35  3:05  Adept x2  
  39  3:08  Shield Battery  
  39  3:12  Oracle (Chrono Boost)  
  42  3:38  Nexus  
  42  3:44  Pylon  
  42  4:02  Oracle  
  42  4:04  Probe  
  42  4:09  Adept  
  45  4:10  Adept  
  47  4:18  Pylon  
  47  4:28  Robotics Facility  
  47  4:36  Probe (Chrono Boost)  
  48  4:39  Pylon  
  48  4:41  Sentry  
  48  4:42  Sentry  
  52  4:50  Probe x2 (Chrono Boost)  
  54  5:01  Forge  
  54  5:02  Probe (Chrono Boost)  
  54  5:03  Probe (Chrono Boost)  
  52  5:14  Probe  
  49  5:21  Probe  
  49  5:23  Immortal (Chrono Boost)  
  49  5:26  Probe  
  55  5:31  Sentry, Protoss Ground Weapons Level 1 (Chrono Boost)  
  55  5:33  Probe  
  58  5:38  Probe  
  59  5:46  Probe  
  58  5:52  Immortal (Chrono Boost)  
  58  5:55  Immortal (Chrono Boost), Probe  
  61  5:57  Assimilator  
  61  6:01  Shield Battery, Probe  
  60  6:06  Assimilator  
  60  6:10  Probe  
  60  6:11  Pylon  
  61  6:13  Probe  
  62  6:25  Immortal (Chrono Boost), Zealot x2  
  70  6:30  Probe x2  
  72  6:39  Twilight Council  
  72  6:41  Pylon  
  72  6:42  Probe x2  
  74  6:52  Twilight Council  
  74  6:54  Probe  
  75  6:58  Probe  
  76  7:02  Observer (Chrono Boost)  
  76  7:06  Probe  
  76  7:07  Gateway x2  
  78  7:17  Charge  
  78  7:18  Templar Archives  
  78  7:20  Immortal  
  82  7:26  Probe x2  
  82  7:27  Pylon  
  84  7:30  Protoss Ground Weapons Level 2 (Chrono Boost)  
  83  7:44  Pylon, Zealot x2  
  83  7:51  Probe x2  
  89  8:02  High Templar x2  
  89  8:04  Warp Prism, Nexus  
  95  8:05  Pylon  
  95  8:06  Archon  
  95  8:09  Probe x2  
  97  8:21  Probe x2  
  97  8:24  High Templar x2  
  103  8:28  Pylon  
  103  8:30  Archon  
  103  8:34  Gateway  
  103  8:35  Gateway  
  103  8:38  Gateway  
  103  8:40  Gateway  
  103  8:43  Probe  
  103  8:44  Probe  
  105  8:51  Assimilator  
  105  8:55  Assimilator  
  105  8:56  Probe  
  105  8:59  Immortal  
  110  9:06  Zealot  
  110  9:07  Zealot  
  114  9:12  Zealot  
  114  9:14  Probe x2  
  114  9:19  Probe  
  114  9:22  Phoenix (Chrono Boost)  
  117  9:28  Stargate  
  117  9:31  Shield Battery  
  117  9:40  Immortal  
  117  9:44  Phoenix  
  123  9:46  Probe  
  123  9:47  Probe x2  
  123  9:51  Protoss Ground Weapons Level 3 (Chrono Boost)  
  125  9:58  Probe  
  124  10:00  Photon Cannon  
  124  10:09  Phoenix  
  124  10:11  Probe  
  127  10:21  Robotics Bay  
  125  10:26  Robotics Facility  
  125  10:30  High Templar x4  
  125  10:33  Pylon  
  125  10:34  Pylon, Archon x2  
  133  10:36  Pylon  
  133  10:37  Pylon  
  133  10:41  Pylon  
  133  10:43  Pylon x2  
  133  10:44  Pylon  
  133  10:55  High Templar x2  
  137  11:00  Nexus  
  137  11:01  Pylon  
  137  11:07  Archon  
  137  11:09  Disruptor (Chrono Boost)  
  137  11:10  Shield Battery  
  140  11:17  Disruptor (Chrono Boost)  
  143  11:33  Photon Cannon, Disruptor (Chrono Boost)  
  143  11:36  Photon Cannon, Phoenix  
  143  11:37  Photon Cannon, Disruptor (Chrono Boost)  
  143  11:39  Phoenix  
  153  11:49  Zealot x3  
  153  11:50  Zealot x3  
  163  12:01  Disruptor  
  163  12:07  Zealot x2  
  164  12:10  Disruptor  
  162  12:21  Zealot x6  
  151  12:42  Zealot x2  
  151  12:43  Zealot x6  
  149  12:50  Warp Prism  
  135  13:03  High Templar x7  
  149  13:05  Zealot  
  149  13:07  Archon x3  
Show
View Real Time Build Order
Export as new Build Order

Dear Protoss 

Build Orders:  

Get SALT Encoding   

  12  0:00  Probe  
  13  0:12  Probe  
  14  0:17  Pylon  
  14  0:24  Probe (Chrono Boost)  
  15  0:36  Gateway, Probe (Chrono Boost)  
  16  0:45  Assimilator, Probe (Chrono Boost)  
  17  0:51  Probe  
  17  0:54  Assimilator  
  18  1:03  Probe (Chrono Boost)  
  19  1:07  Gateway  
  19  1:13  Probe (Chrono Boost)  
  19  1:17  Probe (Chrono Boost)  
  21  1:26  Cybernetics Core  
  21  1:29  Probe  
  22  1:33  Pylon  
  22  1:41  Probe  
  23  1:53  Probe  
  24  2:00  Warp Gate (Chrono Boost)  
  24  2:02  Stalker x2  
  24  2:06  Pylon  
  28  2:14  Pylon  
  28  2:33  Sentry x2  
  32  2:40  Nexus  
  32  2:42  Probe  
  32  2:54  Shield Battery  
  32  2:55  Probe  
  33  2:59  Sentry  
  33  3:03  Stalker  
  37  3:14  Pylon  
  37  3:15  Probe  
  38  3:25  Twilight Council  
  39  3:27  Probe  
  39  3:42  Forge, Probe  
  39  3:47  Pylon  
  40  3:52  Stalker  
  42  3:59  Stalker  
  42  4:01  Probe  
  45  4:04  Probe  
  46  4:15  Stalker  
  48  4:17  Probe x2 (Chrono Boost)  
  48  4:23  Pylon  
  50  4:27  Probe x2 (Chrono Boost)  
  50  4:31  Stalker  
  54  4:38  Probe x2  
  54  4:41  Stalker  
  54  4:43  Blink (Chrono Boost)  
  58  4:52  Probe x2  
  60  4:54  Pylon  
  60  4:55  Protoss Ground Weapons Level 1  
  60  5:03  Pylon  
  60  5:05  Stalker  
  62  5:09  Probe  
  62  5:12  Probe (Chrono Boost)  
  63  5:18  Stalker  
  62  5:21  Probe (Chrono Boost)  
  62  5:24  Probe (Chrono Boost)  
  64  5:28  Stalker  
  64  5:32  Pylon, Probe (Chrono Boost)  
  64  5:33  Probe (Chrono Boost)  
  64  5:47  Stalker  
  64  5:48  Probe  
  64  5:49  Probe  
  60  6:00  Probe  
  60  6:01  Probe  
  60  6:02  Stalker  
  64  6:12  Probe  
  64  6:13  Stalker, Probe  
  68  6:21  Nexus  
  68  6:25  Pylon  
  68  6:26  Probe (Chrono Boost)  
  68  6:27  Probe (Chrono Boost)  
  70  6:37  Charge  
  70  6:38  Probe (Chrono Boost)  
  70  6:39  Probe (Chrono Boost)  
  72  6:46  Probe x2 (Chrono Boost)  
  74  6:54  Gateway x2  
  74  6:56  Assimilator, Probe  
  74  6:58  Assimilator, Probe  
  76  7:04  Protoss Ground Weapons Level 2 (Chrono Boost)  
  76  7:08  Probe  
  76  7:10  Probe  
  78  7:15  Gateway  
  78  7:20  Robotics Facility  
  78  7:23  Gateway  
  78  7:24  Probe  
  78  7:25  Probe  
  80  7:36  Gateway, Probe  
  81  7:37  Probe  
  81  7:38  Gateway  
  82  7:48  Probe  
  82  7:49  Probe x2  
  85  7:59  Stalker x2  
  85  8:01  Probe x3  
  85  8:03  Pylon  
  85  8:04  Robotics Facility  
  92  8:11  Robotics Bay  
  90  8:20  Adept x2  
  90  8:22  Zealot x3  
  90  8:23  Pylon  
  100  8:29  Pylon  
  100  8:34  Shield Battery  
  100  8:36  Shield Battery  
  100  8:37  Shield Battery  
  100  8:39  Pylon  
  100  8:56  Disruptor x2 (Chrono Boost)  
  100  9:01  Zealot x5  
  116  9:08  Pylon  
  114  9:20  Colossus x2 (Chrono Boost)  
  114  9:23  Extended Thermal Lance  
  124  9:30  Pylon  
  124  9:32  Pylon  
  124  9:35  Protoss Ground Weapons Level 3 (Chrono Boost), Pylon  
  124  9:36  Pylon  
  124  9:39  Zealot  
  124  9:40  Zealot x3  
  128  9:56  Colossus (Chrono Boost)  
  128  10:03  Assimilator  
  128  10:05  Assimilator  
  128  10:06  Colossus (Chrono Boost)  
  140  10:21  Probe x3  
  135  10:33  Probe  
  136  10:38  Zealot x4  
  136  10:39  Stalker x3, Zealot  
  152  10:45  Templar Archives, Warp Prism  
  154  10:53  Observer  
  154  10:56  Photon Cannon  
  155  11:04  Nexus  
  155  11:05  Pylon  
  155  11:07  Photon Cannon  
  155  11:15  Zealot x3  
  161  11:26  Gateway  
  161  11:28  Gateway  
  161  11:29  Pylon  
  161  11:35  Pylon  
  161  11:39  High Templar x4  
  169  11:40  High Templar x2  
  169  11:44  Archon x3  
  173  11:48  Pylon  
  173  11:49  Zealot  
  173  11:50  Zealot  
  173  11:53  Pylon  
  175  12:16  High Templar, Zealot x3  
  175  12:17  High Templar x3, Zealot  
  175  12:22  Archon x2  
  92  12:44  Zealot x6  
  100  12:55  Stalker x4  
  92  13:06  Zealot x6  
  92  13:08  Observer  
  96  13:22  High Templar x3  
  96  13:23  High Templar  
  80  13:28  Archon x2  
  80  13:29  Zealot x5  
Tags
 
Add a new tag
Caveats
  • Supply blocks, unpowered buildings, or Contaminate may cause inaccurate times.
  • Supply counts are checked every 10 seconds.